 Dungeon Crawl Stone Soup version 0.23-a0-108-gf7ee2ed (webtiles) character file.

135 Amnesiac the Gusty (level 4, -5/30 HPs)
             Began as a Mummy Air Elementalist on Aug 21, 2018.
             Was an Initiate of Sif Muna.
             Slain by a river rat (6 damage)
             ... in a sewer.
             The game lasted 00:03:55 (1617 turns).

Amnesiac the Gusty (Mummy Air Elementalist)         Turns: 1617, Time: 00:03:55

Health: -5/30      AC:  4    Str: 11    XL:     4   Next: 97%
Magic:  0/10       EV: 12    Int: 15    God:    Sif Muna [......]
Gold:   79         SH:  0    Dex: 12    Spells: 4/11 levels left

rFire    x . .     SeeInvis .   (no weapon)
rCold    + . .     Gourm    .   (no shield)
rNeg     + + +     Faith    .   d - +2 robe {rN+}
rPois    ∞         Spirit   .   (no helmet)
rElec    .         Reflect  .   (no cloak)
rCorr    .         Harm     .   (no gloves)
MR       .....                  (no boots)
Stlth    ++........             (no amulet)
HPRegen  0.10/turn              (no ring)
MPRegen  0.12/turn              (no ring)

@: no status effects
A: no food or potions, fire vulnerability, cold resistance 1, negative energy
resistance 3, torment resistance, unbreathing
a: Renounce Religion


You were in a sewer.
You worshipped Sif Muna.
Sif Muna was noncommittal.
You were not hungry.

You visited 1 branch of the dungeon, and saw 3 of its levels.
You also visited: Sewer.

You collected 79 gold pieces.

Inventory:

Armour
 d - a +2 robe of positive energy (worn)
Scrolls
 c - a scroll of identify {!r}


   Skills:
 - Level 1.5 Dodging
 - Level 1.5 Stealth
 + Level 4.1 Spellcasting
 - Level 0.7 Conjurations
 * Level 4.1 Air Magic


You had 4 spell levels left.
You knew the following spells:

 Your Spells              Type           Power        Failure   Level  Hunger
a - Shock                 Conj/Air       ##..         7%          1    N/A
d - Airstrike             Air            ###.......   32%         4    N/A
z - Swiftness             Chrm/Air       #.......     12%         2    N/A

Your spell library contained the following spells:

 Spells                   Type           Power        Failure   Level  Hunger
 Corona                   Hex            #......      19%         1    N/A
 Static Discharge         Conj/Air       ##......     21%         3    N/A
 Ensorcelled Hibernation  Hex/Ice        #.....       26%         2    N/A
 Dazzling Spray           Conj/Hex       #.....       43%         3    N/A
 Confuse                  Hex            #.......     47%         3    N/A
 Tukima's Dance           Hex            #.......     47%         3    N/A
 Lightning Bolt           Conj/Air       ##........   88%         5    N/A

Dungeon Overview and Level Annotations

Branches:
Dungeon (3/15)

Altars:
Sif Muna


Innate Abilities, Weirdness & Mutations

You do not eat or drink.
Your flesh is vulnerable to fire.
You are immune to poison.
Your flesh is cold resistant. (rC+)
You are immune to negative energy. (rN+++)
You are immune to unholy pain and torment.
You can survive without breathing.


Message History

The river rat bites you but does no damage.
You hit the river rat but do no damage.
The river rat is heavily wounded.
The river rat closely misses you.
You closely miss the river rat.
The river rat is heavily wounded.
The river rat barely misses you.
Casting: Shock (safe; 7% risk of failure)
Confirm with . or Enter, or press ? or * to list all spells.
Aiming: Shock (safe; 7% risk of failure)
Press: ? - help, Shift-Dir - straight line, f/p - river rat
Aim: a river rat (heavily wounded)
The zap misses the river rat.
The river rat misses you.
Unknown command.
You barely miss the river rat.
The river rat is heavily wounded.
The river rat barely misses you.
You barely miss the river rat.
The river rat is heavily wounded.
The river rat bites you but does no damage.
You closely miss the river rat.
The river rat is heavily wounded.
The river rat barely misses you.
You barely miss the river rat.
The river rat is heavily wounded.
The river rat misses you.
You hit the river rat.
The river rat is heavily wounded.
The river rat closely misses you.
You hit the river rat but do no damage.
The river rat is heavily wounded.
The river rat bites you.
* * * LOW HITPOINT WARNING * * *
You hit the river rat.
The river rat is severely wounded.
The river rat barely misses you.
Casting: Shock (safe; 7% risk of failure)
Confirm with . or Enter, or press ? or * to list all spells.
Aiming: Shock (safe; 7% risk of failure)
Press: ? - help, Shift-Dir - straight line, f/p - river rat
Aim: a river rat (severely wounded)
The zap hits the river rat.
The river rat is almost dead.
The river rat barely misses you.
Unknown command.
You hit the river rat but do no damage.
The river rat is almost dead.
The river rat closely misses you.
You hit the river rat but do no damage.
The river rat is almost dead.
The river rat bites you.
* * * LOW HITPOINT WARNING * * *
You hit the river rat but do no damage.
The river rat is almost dead.
The river rat bites you.
* * * LOW HITPOINT WARNING * * *
You hit the river rat but do no damage.
The river rat is almost dead.
The river rat bites you!
* * * LOW HITPOINT WARNING * * *
You hit the river rat.
The river rat is almost dead.
The river rat bites you.
You die...

###
#@#
#r#
#.#
#†#
#∩#
#.#
#∩#
#.#
#.#


You could see a river rat.

Vanquished Creatures
  Jessica (D:3)
  A worker ant (D:2)
  An orc wizard (D:3)
  2 adders (D:2)
  2 river rats (Sewer)
  A leopard gecko (D:2)
  2 bats
  2 giant cockroaches (D:3)
  2 goblins (D:2)
  4 hobgoblins
  A kobold (D:2)
  4 frilled lizards (D:2)
  3 rats
26 creatures vanquished.

Notes
Turn   | Place    | Note
-------+----------+-------------------------------------------
     0 | D:1      | Amnesiac the Mummy Air Elementalist began the quest for the Orb.
     0 | D:1      | Reached XP level 1. HP: 13/13 MP: 4/4
   209 | D:2      | Noticed a worker ant
   259 | D:2      | Reached XP level 2. HP: 8/19 MP: 0/5
   263 | D:2      | Learned a level 2 spell: Swiftness
   484 | D:2      | Reached XP level 3. HP: 4/24 MP: 0/7
  1324 | D:3      | Noticed Jessica
  1333 | D:3      | Killed Jessica
  1333 | D:3      | Reached XP level 4. HP: 27/30 MP: 4/9
  1340 | D:3      | Learned a level 4 spell: Airstrike
  1386 | D:3      | Found a deep blue altar of Sif Muna.
  1449 | D:3      | Became a worshipper of Sif Muna the Loreminder
  1527 | D:3      | Found a glowing drain.
  1579 | Sewer    | Entered a sewer
  1616 | Sewer    | HP: 1/30 [river rat (9)]
  1617 | Sewer    | Slain by a river rat

Vault maps used:
D:1:      lightli_arrival_boilingwater
D:2:      yredelemnul_forgotten_temple_becter, grunt_dithmenos_smoke,
          marbit_many_paths, skrybe_limestone_x
D:3:      lemuel_blue_sif_altar, gammafunk_temple_overflow_wave, first_ration,
          cheibrodos_sewer_entry_drain, uniq_jessica
Sewer:    sewer_kobolds

Skill      XL: |  1  2  3  4 |
---------------+-------------+-----
Spellcasting   | 3 4 |  4.1
Air Magic      | 3 4 |  4.1
Dodging        | |  1.5
Stealth        | |  1.5
Conjurations   | |  0.7

Action                   |  1- 3 |  4- 6 || total
-------------------------+-------+-------++-------
Melee: Unarmed           |     3 |    19 ||    22
 Cast: Shock             |    40 |    24 ||    64
  Use: Scroll            |       |     2 ||     2
Armor: Robe              |     2 |     3 ||     5
Dodge: Dodged            |    25 |    21 ||    46

Table legend:
 A = Non-vault XP
 B = Vault XP
 C = Vault XP percentage of total XP
 D = Non-vault monster count
 E = Vault monster count
 F = Vault count percentage of total count
                 A         B        C        D         E       F
            +---------+---------+-------+---------+---------+-------
      Total |     123 |      71 |  36.6 |      18 |       8 |  30.8
            +---------+---------+-------+---------+---------+-------
        D:1 |       6 |       0 |   0.0 |       3 |       0 |   0.0
        D:2 |      82 |       0 |   0.0 |      14 |       0 |   0.0
        D:3 |      35 |      42 |  54.5 |       1 |       4 |  80.0
      Sewer |       0 |      29 | 100.0 |       0 |       4 | 100.0
            +---------+---------+-------+---------+---------+-------
